 Dungeon Crawl Stone Soup version 0.28-a0-1074-g3cb2360906 (webtiles) character file.

Game seed: 978440573801825887

46018 Gargoyl the Fighter (level 14, 0/124 HPs)
             Began as a Gnoll Abyssal Knight on Dec 9, 2021.
             Was a High Priest of Lugonu.
             Slain by an azure jelly (27 damage)
             ... on level 5 of the Lair of Beasts.
             The game lasted 00:35:23 (26558 turns).

Gargoyl the Fighter (Gnoll Abyssal Knight)         Turns: 26558, Time: 00:35:24

Health: 0/124      AC: 25    Str: 17    XL:     14   Next: 35%
Magic:  0/27       EV: 13    Int:  9    God:    Lugonu [*****.]
Gold:   1859       SH:  0    Dex: 14    Spells: 31/31 levels left

rFire   . . .      SeeInvis .   f - +6 falchion (venom)
rCold   . . .      Faith    .   (no shield)
rNeg    . . .      Spirit   +   s - +0 plate armour
rPois   .          Reflect  .   j - +2 hat
rElec   .          Harm     .   q - +2 cloak
rCorr   .          Rampage  .   t - +2 pair of gloves
Will    ++...                   A - +0 pair of boots
Stlth   ..........              h - amulet of guardian spirit
HPRegen 0.30/turn               d - ring of willpower
MPRegen 0.20/turn               n - +4 ring of evasion

@: no status effects
A: fangs 1, strong nose, distributed training, robust 1, subdued magic 1
a: Renounce Religion, Depart the Abyss, Bend Space, Banish, Corrupt, Enter the
Abyss


You were on level 5 of the Lair of Beasts.
You worshipped Lugonu.
Lugonu was extremely pleased with you.
You visited 3 branches of the dungeon, and saw 16 of its levels.
You visited the Abyss 1 time.
You also visited: Ossuary.

You collected 2131 gold pieces.
You spent 272 gold pieces at shops.

Inventory:

Hand Weapons
 a - a +1 hand axe
 c - a +0 war axe
 f - a +6 falchion of venom (weapon)
 u - a +2 long sword
Missiles
 i - 2 throwing nets
 o - 49 poisoned darts (quivered)
Armour
 j - a +2 hat (worn)
 q - a +2 cloak (worn)
 s - a +0 plate armour (worn)
 t - a +2 pair of gloves (worn)
 A - a +0 pair of boots (worn)
Jewellery
 d - a ring of willpower (left hand)
 g - a ring of protection from fire
 h - an amulet of guardian spirit (around neck)
 n - a +4 ring of evasion (right hand)
 x - a ring of flight
 C - a ring of resist corrosion
 F - a +6 ring of dexterity
 G - the ring "Ejogauf" {*Slow rElec rC+ rN+}
   (You found it on level 4 of the Lair of Beasts)

   [ring of positive energy]

   rC:        It protects you from cold.
   rElec:     It insulates you from electricity.
   rN:        It protects you from negative energy.
   *Slow:     It may slow you when you take damage.
 I - an amulet of magic regeneration
 M - a ring of fire
Wands
 e - a wand of flame (3)
 r - a wand of digging (7)
 v - a wand of mindburst (9)
 B - a wand of acid (7)
 J - a wand of polymorph (6)
Scrolls
 y - 7 scrolls of blinking
 D - a scroll of fear
 E - a scroll of magic mapping
 H - 2 scrolls of teleportation
 L - a scroll of fog
Potions
 b - 5 potions of curing
 k - a potion of cancellation {unknown}
 l - 6 potions of might
 m - 2 potions of resistance {unknown}
 p - a potion of heal wounds
 w - a potion of brilliance {unknown}
 z - a potion of berserk rage {unknown}
 K - a potion of invisibility {unknown}


   Skills:
 + Level 11.2 Fighting
 + Level 9.1 Short Blades
 + Level 9.1 Long Blades
 + Level 10.3 Axes
 + Level 9.1 Maces & Flails
 + Level 9.1 Polearms
 + Level 9.1 Staves
 + Level 9.1 Slings
 + Level 9.1 Bows
 + Level 9.1 Crossbows
 + Level 9.1 Throwing
 + Level 10.3 Armour
 + Level 9.5 Dodging
 + Level 9.1 Stealth
 + Level 9.1 Shields
 + Level 9.1 Unarmed Combat
 + Level 9.1 Spellcasting
 + Level 7.6 Conjurations
 + Level 7.6 Hexes
 + Level 7.6 Summonings
 + Level 7.6 Necromancy
 + Level 7.6 Translocations
 + Level 7.6 Transmutations
 + Level 7.6 Fire Magic
 + Level 7.6 Ice Magic
 + Level 7.6 Air Magic
 + Level 7.6 Earth Magic
 + Level 7.6 Poison Magic
 + Level 11.0 Invocations
 + Level 9.1 Evocations


You had 31 spell levels left.
You didn't know any spells.
Your spell library contained the following spells:

 Spells                   Type           Power      Damage    Failure   Level
 Apportation              Tloc           26%        N/A       14%         1
 Sandblast                Erth           26%        2d8       14%         1
 Blink                    Tloc           26%        N/A       22%         2
 Passwall                 Tmut/Erth      10%        N/A       22%         2
 Scorch                   Fire           26%        2d6       22%         2
 Gell's Gravitas          Tloc           13%        N/A       41%         3
 Lesser Beckoning         Tloc           13%        N/A       41%         3
 Stone Arrow              Conj/Erth      26%        3d8       41%         3
 Teleport Other           Tloc           13%        N/A       41%         3
 Fulminant Prism          Conj/Hex       6%         3d7       83%         4
 Iskenderun's Mystic Bla  Conj/Tloc      13%        2d5       83%         4
 Alistair's Intoxication  Tmut/Pois      8%         N/A       99%         5
 Fireball                 Conj/Fire      6%         3d5       99%         5
 Lee's Rapid Deconstruct  Erth           6%         3d7*      99%         5
 Manifold Assault         Tloc           13%        N/A       99%         5
 Dispersal                Tloc           6%         N/A       100%        6
 Starburst                Conj/Fire      6%         6d4       100%        6
 Borgnjor's Revivificati  Necr           6%         N/A       100%        8
 Ignition                 Fire           6%         3d4       100%        8


Dungeon Overview and Level Annotations

Branches:
Dungeon (9/15)             Temple (0/1) D:4            Lair (6/6) D:8
 Shoals (1/4) Lair:2        Snake (0/4) Lair:3        Slime (0/5) Lair:5
Ossuary (visited)
    Orc: D:9-12

Altars:
Dithmenos
Elyvilon
Fedhas
Gozag
Kikubaaqudgha
Okawaru
Wu Jian
Jiyva

Shops:
D:7 [:

Annotations:
D:8 corrupted
Lair:2 3 runed translucent doors, Pioh's ghost, journeyman DECj; Rosehaj's ghost, journeyman DECj; Wuw Late's ghost, journeyman GrEE; generaletaddeo's ghost, journeyman KoBr
Lair:4 exclusion: oklob plant


Innate Abilities, Weirdness & Mutations

You have very sharp teeth.
Your uncanny sense of smell can sniff out nearby items.
Your experience applies equally to all skills.
You are robust. (+10% HP)
Your spells are a little easier to cast, but a little less powerful.


Message History

The azure jelly completely misses you. The azure jelly hits you.
The azure jelly hits you but does no damage.
The azure jelly hits you but does no damage. x2
The azure jelly misses you.
The azure jelly hits you but does no damage.
The azure jelly looks more healthy.
You hit the azure jelly. Your punch misses the azure jelly.
The azure jelly is severely wounded.
The azure jelly hits you but does no damage. x4
The azure jelly hits you but does no damage. x3
The azure jelly barely misses you.
You closely miss the azure jelly.
The azure jelly is severely wounded.
The azure jelly barely misses you. The azure jelly misses you.
The azure jelly hits you but does no damage. x2
You barely miss the azure jelly.
You bite the azure jelly, but do no damage.
The azure jelly is severely wounded.
The azure jelly hits you but does no damage.
The azure jelly barely misses you. The azure jelly hits you.
The azure jelly completely misses you.
You closely miss the azure jelly.
You bite the azure jelly, but do no damage.
The azure jelly is severely wounded.
The azure jelly barely misses you. The azure jelly hits you.
The azure jelly freezes you!
* * * LOW HITPOINT WARNING * * *
The azure jelly hits you but does no damage.
The azure jelly closely misses you.
You hit the azure jelly.
You bite the azure jelly, but do no damage.
The azure jelly is severely wounded.
The azure jelly closely misses you.
The azure jelly hits you but does no damage. x3
You hit the azure jelly.
The azure jelly is poisoned.
The azure jelly is severely wounded.
The azure jelly closely misses you. The azure jelly hits you!
* * * LOW HITPOINT WARNING * * *
The azure jelly freezes you!!!
You die...

# ##.# ##....... ## ##.##
##........ .# #...# ##.........
.## ##.## #.......... .P#
#...#####.......... .P##
##..##...#......... ...##
##...#............. ....###
##.................. ......####
#..@.....P.......... .........#
#..J##..####........
.........#####...####÷#######...#
........##.>.#....##.#.#.########
.........#...#P..#.........# ##
........##._.##...........## #.
.........##'###............## ##.
.............###............###.#
#...........##P....>÷.......#.#..


You could see an azure jelly (very poisoned).

Vanquished Creatures
  Josephine (Lair:6)
  3 boulder beetles
  A catoblepas (Lair:6)
  A two-headed ogre (D:5)
  5 death yaks
  3 lindwurms
  Pikel (D:8)
  A large abomination (Lair:6)
  A manticore (Lair:2)
  6 elephants
  Joseph (Lair:1)
  7 black mambas
  7 cane toads
  Maggie (D:8)
  A smoke demon (Lair:6)
  2 rime drakes
  A yaktaur (shapeshifter) (Lair:6)
  6 komodo dragons
  An ancient zyme (Lair:6)
  2 polar bears
  Grinder (D:3)
  2 slime creatures (Lair:6)
  26 blink frogs
  7 dream sheep
  3 shadows
  6 wraiths
  9 fire bats (D:8)
  A spriggan (Lair:5)
  2 wyverns
  A ynoxinul (Lair:6)
  39 yaks
  4 basilisks
  A chaos spawn (Lair:6)
  3 steam dragons
  20 water moccasins
  A sky beast (D:7)
  A hornet zombie (D:5)
  2 necrophages (D:7)
  7 wolves
  3 centaurs (D:7)
  2 ogres
  2 phantoms
  8 small abominations
  A lemure (D:8)
  A kobold brigand (D:8)
  A wyvern zombie (D:7)
  11 bullfrogs
  5 scorpions
  4 wights (D:7)
  3 centaur zombies
  A bullfrog zombie (D:7)
  3 hounds
  6 jellies
  4 orc priests
  4 iguanas
  Crazy Yiuf (D:5)
  2 orc wizards
  A scorpion zombie (D:5)
  A hound skeleton (D:4)
  5 mummies (Ossuary)
  A howler monkey zombie (D:5)
  3 gnolls (D:2)
  8 adders
  A shadow imp (D:6)
  2 white imps
  An adder skeleton (D:4)
  3 worms
  3 dart slugs
  19 orcs
  11 endoplasms
  3 giant cockroaches
  8 hobgoblins
  2 jackals (D:1)
  5 quokkas
  6 ball pythons
  87 bats
  2 gnoll zombies (Ossuary)
  2 goblin zombies (Ossuary)
  16 kobolds
  A kobold zombie (Ossuary)
  2 orc zombies (Ossuary)
  2 quokka zombies (D:4)
  6 rats
451 creatures vanquished.

Vanquished Creatures (others)
  A wyvern (D:8)
  A yak (D:8)
  A basilisk (D:8)
  An orc warrior (D:8)
  An orc wizard (D:8)
  4 orcs (D:8)
  54 fungi
  94 plants
  14 toadstools (Lair:4)
171 creatures vanquished.

Grand Total: 622 creatures vanquished

Notes
Turn   | Place    | Note
-------+----------+-------------------------------------------
     0 | Abyss:1  | Gargoyl the Gnoll Abyssal Knight began the quest for the
                  | Orb.
     0 | Abyss:1  | Reached XP level 1. HP: 23/23 MP: 3/3
    76 | Abyss:2  | Noticed an iron imp
    79 | Abyss:2  | Noticed a small abomination
   105 | Abyss:2  | Noticed a thrashing horror
   110 | D:1      | Escaped the Abyss
   430 | D:1      | Reached * piety under Lugonu
   431 | D:1      | Reached XP level 2. HP: 25/29 MP: 5/5
   528 | D:1      | Found a faded altar of an unknown god.
  1457 | D:2      | Reached XP level 3. HP: 30/35 MP: 3/6
  1844 | D:3      | Noticed Grinder
  1850 | D:3      | Paralysed by Grinder for 4 turns
  1865 | D:3      | Paralysed by Grinder for 6 turns
  1876 | D:3      | Killed Grinder
  1877 | D:3      | Reached skill level 1 in Short Blades
  1877 | D:3      | Reached skill level 1 in Long Blades
  1877 | D:3      | Reached skill level 1 in Maces & Flails
  1877 | D:3      | Reached skill level 1 in Polearms
  1877 | D:3      | Reached skill level 1 in Staves
  1877 | D:3      | Reached skill level 1 in Slings
  1877 | D:3      | Reached skill level 1 in Bows
  1877 | D:3      | Reached skill level 1 in Crossbows
  1877 | D:3      | Reached skill level 1 in Throwing
  1877 | D:3      | Reached skill level 1 in Stealth
  1877 | D:3      | Reached skill level 1 in Shields
  1877 | D:3      | Reached skill level 1 in Unarmed Combat
  1877 | D:3      | Reached skill level 1 in Spellcasting
  1877 | D:3      | Reached skill level 1 in Conjurations
  1877 | D:3      | Reached skill level 1 in Hexes
  1877 | D:3      | Reached skill level 1 in Summonings
  1877 | D:3      | Reached skill level 1 in Necromancy
  1877 | D:3      | Reached skill level 1 in Translocations
  1877 | D:3      | Reached skill level 1 in Transmutations
  1877 | D:3      | Reached skill level 1 in Fire Magic
  1877 | D:3      | Reached skill level 1 in Ice Magic
  1877 | D:3      | Reached skill level 1 in Air Magic
  1877 | D:3      | Reached skill level 1 in Earth Magic
  1877 | D:3      | Reached skill level 1 in Poison Magic
  1877 | D:3      | Reached skill level 5 in Invocations
  1877 | D:3      | Reached skill level 1 in Evocations
  1877 | D:3      | Reached XP level 4. HP: 13/41 MP: 2/7
  1877 | D:3      | Reached XP level 5. HP: 15/47 MP: 2/8
  1877 | D:3      | Reached XP level 6. HP: 16/53 MP: 2/9
  2750 | D:3      | Reached skill level 5 in Axes
  2750 | D:3      | Reached skill level 5 in Armour
  2865 | D:3      | Reached ** piety under Lugonu
  3635 | D:4      | Found a sand-covered staircase.
  3642 | Ossuary  | Entered an ossuary
  3866 | Ossuary  | Reached XP level 7. HP: 24/59 MP: 6/10
  4305 | D:4      | You fall into a shaft and drop 1 floor!
  4305 | D:5      | Entered Level 5 of the Dungeon
  4339 | D:5      | Noticed a two-headed ogre
  4684 | D:5      | Killed a two-headed ogre
  4685 | D:5      | Reached XP level 8. HP: 16/67 MP: 3/12
  5555 | D:4      | Found a staircase to the Ecumenical Temple.
  5648 | D:4      | Gained mutation: Your flesh is cold resistant. (rC+)
                  | [potion of mutation]
  5648 | D:4      | Gained mutation: Your body sometimes deteriorates upon
                  | taking damage. [potion of mutation]
  5648 | D:4      | Gained mutation: You have an increased reservoir of magic.
                  | (+10% MP) [potion of mutation]
  5649 | D:4      | Lost mutation: Your body sometimes deteriorates upon taking
                  | damage. [potion of mutation]
  5649 | D:4      | Lost mutation: Your flesh is cold resistant. (rC+) [potion
                  | of mutation]
  5649 | D:4      | Gained mutation: Your spells are a little easier to cast,
                  | but a little less powerful. [potion of mutation]
  5649 | D:4      | Gained mutation: Your mind is acute. (Int +2) [potion of
                  | mutation]
  5650 | D:4      | Lost mutation: Your mind is acute. (Int +2) [potion of
                  | mutation]
  5650 | D:4      | Lost mutation: You have an increased reservoir of magic.
                  | (+10% MP) [potion of mutation]
  5650 | D:4      | Gained mutation: You are robust. (+10% HP) [potion of
                  | mutation]
  6248 | D:5      | Found a runed translucent door.
  6249 | D:5      | Noticed Crazy Yiuf
  7159 | D:5      | Killed Crazy Yiuf
  7249 | D:6      | Reached XP level 9. HP: 70/79 MP: 12/14
  7912 | D:6      | Reached *** piety under Lugonu
  8006 | D:6      | Reached skill level 5 in Dodging
  8723 | D:7      | Found Ygerotz's Armour Emporium.
  8731 | D:7      | Bought a +2 pair of gloves for 214 gold pieces
  8748 | D:7      | Found Moijoneu's Self-Improvement Boutique.
  9120 | D:7      | Reached XP level 10. HP: 88/88 MP: 17/17
  9489 | D:7      | Reached skill level 5 in Short Blades
  9489 | D:7      | Reached skill level 5 in Long Blades
  9489 | D:7      | Reached skill level 5 in Maces & Flails
  9489 | D:7      | Reached skill level 5 in Polearms
  9489 | D:7      | Reached skill level 5 in Staves
  9489 | D:7      | Reached skill level 5 in Slings
  9489 | D:7      | Reached skill level 5 in Bows
  9489 | D:7      | Reached skill level 5 in Crossbows
  9489 | D:7      | Reached skill level 5 in Throwing
  9489 | D:7      | Reached skill level 5 in Stealth
  9489 | D:7      | Reached skill level 5 in Shields
  9489 | D:7      | Reached skill level 5 in Unarmed Combat
  9489 | D:7      | Reached skill level 5 in Spellcasting
  9489 | D:7      | Reached skill level 5 in Evocations
  9754 | D:8      | Found a flagged portal.
  9845 | D:8      | Noticed Pikel
  9872 | D:8      | Killed Pikel
 10094 | D:8      | Found a runed translucent door.
 10134 | D:8      | Found a white marble altar of Elyvilon.
 10140 | D:8      | Noticed a flayed ghost
 10146 | D:8      | Reached **** piety under Lugonu
 10161 | D:8      | Found an ornate altar of the Wu Jian Council.
 10244 | D:8      | Found an iron altar of Okawaru.
 10586 | D:8      | Found a shadowy altar of Dithmenos.
 10819 | D:8      | Found an opulent altar of Gozag.
 10820 | D:8      | Reached ***** piety under Lugonu
 10853 | D:8      | Found an ancient bone altar of Kikubaaqudgha.
 10915 | D:8      | Found a staircase to the Lair.
 10937 | D:8      | Reached XP level 11. HP: 45/95 MP: 11/19
 10938 | D:8      | Corrupted D:8
 10938 | D:8      | Noticed a spatial maelstrom
 10938 | D:8      | Noticed a worldbinder
 10938 | D:8      | Noticed a thrashing horror
 11884 | D:8      | Banished a flayed ghost
 11889 | D:8      | Got the Disquisition on Evil and the Arsonist
 12034 | Lair:1   | Entered Level 1 of the Lair of Beasts
 12034 | Lair:1   | Noticed Maggie
 12065 | D:8      | Reached skill level 5 in Conjurations
 12065 | D:8      | Reached skill level 5 in Hexes
 12065 | D:8      | Reached skill level 5 in Summonings
 12065 | D:8      | Reached skill level 5 in Necromancy
 12065 | D:8      | Reached skill level 5 in Translocations
 12065 | D:8      | Reached skill level 5 in Transmutations
 12065 | D:8      | Reached skill level 5 in Fire Magic
 12065 | D:8      | Reached skill level 5 in Ice Magic
 12065 | D:8      | Reached skill level 5 in Air Magic
 12065 | D:8      | Reached skill level 5 in Earth Magic
 12065 | D:8      | Reached skill level 5 in Poison Magic
 12550 | D:8      | Killed Maggie
 12871 | Lair:1   | Identified the +0 scale mail of the Swamp {rElec rC+++
                  | Regen+ Str-2}
 13094 | Lair:1   | Identified the +7 long sword of the Smoking Priest {vorpal,
                  | rElec rC+ Str-2 Stlth+}
 13380 | Lair:1   | Noticed a boulder beetle
 13396 | Lair:1   | Killed a boulder beetle
 13631 | Lair:1   | Noticed Joseph
 13647 | Lair:1   | Killed Joseph
 13767 | Lair:2   | Found a staircase to the Shoals.
 13767 | Lair:2   | Noticed a manticore
 13783 | Lair:2   | Killed a manticore
 14270 | Lair:2   | Reached XP level 12. HP: 55/105 MP: 11/22
 15006 | Lair:2   | Noticed a boulder beetle
 15024 | Lair:2   | Killed a boulder beetle
 15185 | Lair:2   | Found a runed translucent gate.
 15185 | Lair:2   | Found a runed translucent gate.
 15185 | Lair:2   | Found a runed translucent gate.
 15185 | Lair:2   | Noticed Pioh's ghost (journeyman DECj)
 15186 | Lair:2   | Noticed generaletaddeo's ghost (journeyman KoBr)
 15186 | Lair:2   | Noticed Wuw Late's ghost (journeyman GrEE)
 15186 | Lair:2   | Noticed Rosehaj's ghost (journeyman DECj)
 15192 | Shoals:1 | Entered Level 1 of the Shoals
 15853 | D:7      | Bought a +0 pair of boots for 58 gold pieces
 16039 | Lair:3   | Found the +12 glaive of Prune {vorpal}
 16416 | Lair:3   | Found an iron altar of Okawaru.
 16548 | Lair:3   | Noticed a four-headed hydra
 16550 | Lair:3   | Banished a four-headed hydra
 16737 | Lair:3   | Found a staircase to the Snake Pit.
 16753 | Lair:3   | Reached skill level 10 in Fighting
 17084 | Lair:3   | Noticed a four-headed hydra
 17086 | Lair:3   | Banished a four-headed hydra
 17872 | Lair:4   | Noticed a death yak
 17872 | Lair:4   | Noticed a death yak
 17873 | Lair:4   | Noticed a death yak
 17874 | Lair:4   | Noticed a death yak
 17874 | Lair:4   | Noticed a death yak
 17875 | Lair:4   | Noticed a death yak
 18288 | Lair:3   | Killed a death yak
 18289 | Lair:3   | Reached XP level 13. HP: 31/113 MP: 10/24
 19317 | Lair:3   | Reached skill level 10 in Invocations
 19812 | Lair:4   | Found a blossoming altar of Fedhas.
 20350 | Lair:4   | Identified the ring "Ejogauf" {*Slow rElec rC+ rN+}
 20731 | Lair:5   | Identified a scroll of acquirement
 20731 | Lair:5   | Acquired 1264 gold pieces
 21160 | Lair:5   | Found a runed translucent door.
 21160 | Lair:5   | Found a viscous altar of Jiyva.
 21165 | Lair:5   | Found a staircase to the Slime Pits.
 21754 | Lair:6   | Entered Level 6 of the Lair of Beasts
 22681 | Lair:6   | Noticed Josephine
 22701 | Lair:6   | Killed Josephine
 23698 | Lair:5   | Reached skill level 10 in Axes
 23698 | Lair:5   | Reached skill level 10 in Armour
 23707 | Lair:5   | Reached XP level 14. HP: 54/124 MP: 14/26
 26491 | Lair:6   | Noticed an azure jelly
 26558 | Lair:5   | Slain by an azure jelly

Illustrated notes

Levels and vault maps discovered:
D:1:      psy_arrival_basics, layout_loops_ring, nicolae_ecumenical_lake_church
D:2:      layout_rooms
D:3:      layout_basic, serial_curves, eino_curves_04, eino_curves_02,
          st_stairs_1, uniq_grinder
D:4:      layout_basic, temple_fountains, enter_ossuary_4
D:5:      layout_layer_cave, uniq_crazy_yiuf_cottage
D:6:      layout_basic
D:7:      layout_basic, serial_shops, nicolae_shop_stone, nicolae_shop_self_help
D:8:      due_megacathedral, layout_cave_pools, david_lair_generic,
          enter_bailey_6, uniq_pikel
D:9:      layout_basic
Lair:1:   layout_cave_shapes, beast_lair_carwin_6, uniq_joseph, uniq_maggie
Lair:2:   layout_misc_corridors, minmay_shoals_entry_beasts,
          gammafunk_ghost_cemetery, nicolae_lair_lindhole
Lair:3:   layout_cave_pods, minmay_snake_entry_six_corridors, basic_altar,
          serial_bayou_pond_d
Lair:4:   layout_roguey, tgw_fedhas, serial_bayou_shore_b
Lair:5:   layout_cave_pods, slime_altar_2
Lair:6:   hellmonk_lair_end_abyssal_woods, layout_long_grid,
          gauntlet_entry_generic, nicolae_lair_time_for_slime,
          infiniplex_staircase_pool, uniq_josephine
Shoals:1: nicolae_shoals_lighthouse, layout_shoals, uniq_donald

Skill      XL: |  1  2  3  4  5  6  7  8  9 10 11 12 13 14 |
---------------+-------------------------------------------+-----
Short Blades   | 1 2 3 4 5 6 7 8 9 |  9.1
Long Blades    | 1 2 3 4 5 6 7 8 9 |  9.1
Maces & Flails | 1 2 3 4 5 6 7 8 9 |  9.1
Polearms       | 1 2 3 4 5 6 7 8 9 |  9.1
Staves         | 1 2 3 4 5 6 7 8 9 |  9.1
Slings         | 1 2 3 4 5 6 7 8 9 |  9.1
Bows           | 1 2 3 4 5 6 7 8 9 |  9.1
Crossbows      | 1 2 3 4 5 6 7 8 9 |  9.1
Throwing       | 1 2 3 4 5 6 7 8 9 |  9.1
Dodging        | 3 4 5 6 7 8 9 |  9.5
Stealth        | 1 2 3 4 5 6 7 8 9 |  9.1
Shields        | 1 2 3 4 5 6 7 8 9 |  9.1
Unarmed Combat | 1 2 3 4 5 6 7 8 9 |  9.1
Spellcasting   | 1 2 3 4 5 6 7 8 9 |  9.1
Conjurations   | 1 2 3 4 5 6 7 |  7.6
Hexes          | 1 2 3 4 5 6 7 |  7.6
Summonings     | 1 2 3 4 5 6 7 |  7.6
Necromancy     | 1 2 3 4 5 6 7 |  7.6
Translocations | 1 2 3 4 5 6 7 |  7.6
Transmutations | 1 2 3 4 5 6 7 |  7.6
Fire Magic     | 1 2 3 4 5 6 7 |  7.6
Ice Magic      | 1 2 3 4 5 6 7 |  7.6
Air Magic      | 1 2 3 4 5 6 7 |  7.6
Earth Magic    | 1 2 3 4 5 6 7 |  7.6
Poison Magic   | 1 2 3 4 5 6 7 |  7.6
Invocations    | 5 6 7 8 9 10 11 | 11.0
Evocations     | 1 2 3 4 5 6 7 8 9 |  9.1
Axes           | 5 6 7 8 9 10 | 10.3
Armour         | 5 6 7 8 9 10 | 10.3
Fighting       | 7 8 9 10 11 | 11.2

Action                   |  1- 3 |  4- 6 |  7- 9 | 10-12 | 13-15 || total
-------------------------+-------+-------+-------+-------+-------++-------
Melee: Hand axe          |    81 |    36 |       |       |       ||   117
       Bite              |     6 |    13 |    33 |   119 |   106 ||   277
       Falchion          |       |   107 |   294 |   934 |   782 ||  2117
       Punch             |       |     3 |     5 |    17 |    29 ||    54
Throw: Dart              |       |       |       |    15 |    21 ||    36
Invok: Depart the Abyss  |     1 |       |       |       |       ||     1
       Bend Space        |       |       |     1 |     4 |     2 ||     7
       Banish            |       |       |       |     8 |     2 ||    10
       Corrupt           |       |       |       |     1 |       ||     1
  Use: Scroll            |     7 |     1 |     6 |     5 |     2 ||    21
       Potion            |     4 |       |     6 |     4 |     2 ||    16
 Stab: Sleeping          |       |     1 |     4 |       |       ||     5
       Petrified         |       |       |       |       |     1 ||     1
Armor: Leather armour    |    17 |       |       |       |       ||    17
       Ring mail         |    31 |    57 |    39 |       |       ||   127
       Skin              |     6 |       |       |       |       ||     6
       Chain mail        |       |       |    68 |       |       ||    68
       Plate armour      |       |       |    53 |   960 |   493 ||  1506
Dodge: Dodged            |    82 |   100 |   150 |   997 |   549 ||  1878

Table legend: (Time is in decaauts)
 A = Elapsed time spent in this place.
 B = Non-inter-level travel time spent in this place.
 C = Inter-level travel time spent in this place.
 D = Time resting spent in this place.
 E = Time spent auto-exploring this place.
 F = Levels seen in this place.
 G = Mean time per level.
                   A        B        C        D        E       F      G
               +--------+--------+--------+--------+--------+-----+--------+
         Total |  26566 |  25786 |    780 |   7119 |  13230 |  19 | 1398.2 |
       Dungeon |  12177 |  11725 |    452 |   2040 |   7027 |   9 | 1353.0 |
          Lair |  13624 |  13296 |    328 |   4681 |   6051 |   6 | 2270.7 |
        Shoals |      1 |      1 |      0 |      0 |      0 |   1 |    1.0 |
         Abyss |    109 |    109 |      0 |      0 |     77 |   2 |   54.5 |
       Ossuary |    653 |    653 |      0 |    398 |     74 |   1 |  653.0 |
               +--------+--------+--------+--------+--------+-----+--------+

Top non-repeatable levels by time:
  Lair:5: 3135 daAuts
  Lair:6: 2752 daAuts
  Lair:3: 2551 daAuts
     D:8: 2411 daAuts
     D:5: 2235 daAuts
     D:7: 2110 daAuts
  Lair:2: 2069 daAuts
  Lair:4: 1837 daAuts
     D:1: 1570 daAuts
     D:3: 1296 daAuts
  Lair:1: 1278 daAuts
     D:6: 948 daAuts
     D:4: 774 daAuts
 Ossuary: 653 daAuts
     D:2: 633 daAuts
